Map: Amygdala

Players

Giovan

  • Race: Protoss Protoss
  • League: Master
  • Spawn Location: 7:00

Souv - Winner!

  • Race: Protoss Protoss
  • League: Master
  • Spawn Location: 1:00

VOD

Have the link to the VOD?

Description

Time

  • Played on: Feb. 26, 2025, 11:59 a.m.
  • Length: 13:50
Show
View Real Time Build Order
Export as new Build Order

Giovan Protoss 

Build Orders: Zealot Archon 

Get SALT Encoding   

  1  0:00  Probe  
  12  0:04  Probe  
  14  0:24  Pylon  
  14  0:28  Probe  
  15  0:42  Probe, Gateway  
  16  0:52  Assimilator  
  16  0:54  Probe  
  16  0:55  Assimilator  
  17  1:06  Probe  
  18  1:16  Gateway  
  19  1:18  Probe  
  19  1:30  Probe  
  20  1:34  Cybernetics Core  
  20  1:46  Pylon  
  20  1:50  Probe  
  21  1:55  Pylon  
  21  2:02  Adept x2, Probe  
  21  2:06  Warp Gate  
  26  2:32  Adept x2  
  30  2:39  Robotics Facility  
  30  2:57  Shield Battery  
  30  3:07  Shield Battery  
  30  3:26  Nexus  
  30  3:37  Immortal  
  30  3:40  Probe  
  35  3:52  Pylon, Probe  
  36  4:02  Stalker  
  38  4:04  Probe  
  39  4:15  Observer  
  39  4:16  Probe  
  41  4:19  Twilight Council  
  41  4:27  Pylon  
  41  4:28  Probe  
  42  4:38  Probe  
  42  4:40  Probe  
  42  4:42  Observer  
  42  4:43  Observer  
  45  4:50  Probe  
  45  4:51  Forge  
  46  4:53  Probe  
  46  4:57  Assimilator  
  47  5:03  Probe  
  47  5:05  Probe  
  49  5:07  Stalker  
  49  5:12  Stalker  
  53  5:15  Probe  
  53  5:17  Probe  
  53  5:19  Assimilator  
  55  5:22  Protoss Ground Armor Level 1  
  55  5:24  Charge  
  53  5:47  Forge, Gateway  
  53  5:48  Gateway  
  53  5:52  Probe x2  
  55  6:00  Pylon  
  55  6:04  Probe  
  55  6:05  Probe, Zealot x2  
  55  6:10  Protoss Ground Weapons Level 1  
  60  6:17  Probe x2  
  62  6:29  Photon Cannon  
  62  6:37  Gateway  
  62  6:38  Pylon  
  62  6:47  Templar Archives  
  62  6:50  Pylon  
  62  6:53  Probe  
  62  6:54  Probe  
  64  7:01  Photon Cannon  
  64  7:02  Observer  
  64  7:05  Probe  
  64  7:06  Probe  
  67  7:19  Gateway  
  67  7:20  Gateway  
  67  7:21  Pylon  
  67  7:25  Pylon, Protoss Ground Armor Level 2  
  67  7:39  High Templar  
  67  7:40  High Templar x4  
  77  7:44  Archon  
  77  7:45  Archon  
  77  8:13  Zealot x3  
  77  8:14  Zealot x4  
  73  8:52  Nexus  
  73  8:54  Pylon  
  73  8:57  High Templar x5, Pylon  
  73  8:58  High Templar x2  
  73  9:01  Protoss Ground Weapons Level 2, Assimilator  
  87  9:03  Archon x2  
  87  9:04  Archon  
  87  9:05  Archon, Assimilator  
  87  9:36  Stargate  
  87  9:38  Stargate  
  87  9:47  Photon Cannon  
  87  9:51  Photon Cannon  
  87  9:53  Protoss Shields Level 1  
  87  9:54  Shield Battery  
  87  9:56  Shield Battery  
  87  9:58  Photon Cannon  
  87  10:03  Pylon  
  87  10:05  Protoss Air Weapons Level 1  
  87  10:11  Observer  
  88  10:15  Photon Cannon  
  88  10:24  Probe  
  89  10:32  Fleet Beacon  
  89  10:37  Pylon x2, Probe  
  89  10:39  Pylon  
  89  10:41  Pylon  
  90  10:49  Probe  
  91  10:50  Photon Cannon  
  91  10:53  Shield Battery  
  91  11:01  Probe  
  91  11:02  Carrier  
  92  11:04  Zealot  
  92  11:05  Zealot x5  
  92  11:06  Zealot  
  92  11:09  Carrier  
  106  11:16  Probe  
  119  11:28  Probe  
  120  11:40  Probe  
  120  11:46  Pylon, Stargate  
  121  12:05  Photon Cannon  
  121  12:08  Carrier  
  121  12:11  Warp Prism  
  129  12:26  Nexus  
  129  12:37  Carrier  
  141  12:55  Probe  
  142  13:07  Probe  
Show
View Real Time Build Order
Export as new Build Order

Souv Protoss - Winner!

Build Orders:  

Get SALT Encoding   

  12  0:00  Probe  
  13  0:12  Probe  
  14  0:18  Pylon  
  14  0:24  Probe  
  15  0:35  Probe  
  15  0:39  Gateway  
  16  0:43  Probe  
  17  0:50  Assimilator  
  17  0:57  Probe  
  17  0:59  Assimilator  
  18  1:11  Gateway  
  18  1:30  Cybernetics Core  
  18  1:40  Pylon  
  18  1:50  Probe  
  19  1:55  Stalker  
  19  1:56  Stalker  
  19  2:03  Probe  
  19  2:06  Warp Gate  
  24  2:26  Probe  
  25  2:38  Probe  
  26  2:45  Nexus  
  26  2:50  Pylon  
  25  3:09  Shield Battery  
  25  3:11  Probe  
  26  3:14  Robotics Facility  
  26  3:18  Stalker  
  26  3:22  Stalker  
  26  3:23  Probe  
  31  3:35  Probe  
  32  3:47  Probe  
  33  3:50  Pylon  
  33  3:52  Twilight Council  
  33  4:03  Twilight Council, Probe  
  33  4:04  Probe  
  33  4:05  Immortal  
  39  4:18  Probe  
  39  4:21  Probe  
  41  4:31  Probe  
  42  4:32  Probe  
  43  4:40  Stalker  
  43  4:42  Stalker  
  47  4:50  Probe x2  
  49  4:55  Blink  
  49  5:05  Probe x2  
  51  5:07  Stalker  
  51  5:10  Zealot  
  55  5:17  Probe  
  55  5:18  Pylon  
  55  5:21  Observer  
  56  5:24  Probe  
  58  5:31  Stalker  
  58  5:33  Zealot  
  62  5:36  Probe  
  62  5:41  Probe, Gateway  
  64  5:42  Pylon  
  64  5:47  Pylon  
  64  5:48  Observer  
  65  5:55  Stalker  
  67  5:59  Stalker  
  67  6:03  Probe x2  
  71  6:05  Observer  
  71  6:37  Warp Prism  
  71  6:44  Zealot x3  
  77  6:50  Probe x2, Charge  
  81  6:57  Assimilator  
  81  6:58  Pylon x2  
  81  7:00  Assimilator  
  81  7:02  Probe  
  82  7:11  Gateway  
  82  7:12  Gateway  
  82  7:17  Probe x2, Gateway  
  82  7:18  Gateway  
  82  7:20  Stalker, Gateway x2  
  82  7:21  Stalker x2  
  90  7:33  Observer  
  90  7:42  Warp Prism  
  90  7:50  Stalker x3  
  98  8:15  Stalker x2  
  98  8:17  Pylon  
  71  8:54  Stalker  
  71  8:55  Stalker x6  
  83  8:56  Stalker x2  
  89  9:10  Immortal  
  93  9:30  Stalker x4  
  101  9:37  Pylon  
  101  9:38  Pylon  
  101  9:41  Pylon  
  101  9:42  Pylon  
  101  9:47  Immortal  
  101  9:51  Forge  
  101  9:52  Forge  
  101  9:55  Nexus  
  101  9:58  Pylon  
  105  10:00  Pylon  
  105  10:21  Stargate x2  
  105  10:25  Zealot x2  
  105  10:26  Zealot x3  
  105  10:28  Protoss Ground Weapons Level 1  
  115  10:29  Protoss Ground Armor Level 1  
  115  10:32  Probe  
  115  10:33  Probe  
  117  10:45  Probe x2  
  119  10:50  Zealot x2  
  119  10:51  Zealot  
  125  11:07  Probe x2  
  125  11:10  Probe  
  128  11:14  Void Ray  
  128  11:16  Void Ray  
  132  11:19  Probe  
  137  11:33  Probe, Templar Archives  
  137  11:34  Probe x2  
  137  11:38  Assimilator  
  140  11:42  Stalker x2, Assimilator  
  144  11:52  Photon Cannon  
  144  11:53  Photon Cannon  
  144  11:56  Pylon  
  144  11:59  Probe x3  
  151  12:11  Probe x2  
  151  12:12  Probe  
  151  12:13  Void Ray  
  154  12:21  High Templar x5  
  164  12:23  Probe  
  164  12:25  Archon  
  165  12:35  Archon  
  165  12:37  High Templar  
  165  12:40  Zealot x3  
  173  12:53  Pylon  
  173  12:55  Pylon  
  173  12:56  Pylon  
  173  13:04  Pylon  
  173  13:06  Pylon  
  177  13:17  Zealot  
  177  13:18  Zealot  
  177  13:19  Zealot x2  
Tags
 
Composition
Zealot Archon
Matchup
PvP
Spawn Locations
Cross Positions
Add a new tag
Caveats
  • Supply blocks, unpowered buildings, or Contaminate may cause inaccurate times.
  • Supply counts are checked every 10 seconds.